 Dungeon Crawl Stone Soup version 0.27-a0-67-g4bfc8a49e1 (webtiles) character file.

Game seed: 2693403652442649247

60370 Borgoz the Bludgeoner (level 14, -4/92 HPs)
             Began as a Gargoyle Berserker on Jan 9, 2021.
             Was a High Priest of Trog.
             Killed by divine providence
             ... invoked by a meliai
              (10 damage)
             ... on level 4 of the Lair of Beasts.
             The game lasted 00:45:22 (26920 turns).

Borgoz the Bludgeoner (Gargoyle Berserker)         Turns: 26920, Time: 00:45:23

Health: -4/92      AC: 28    Str: 22    XL:     14   Next: 99%
Magic:  0/14       EV: 24    Int:  8    God:    Trog [*****.]
Gold:   1363       SH:  0    Dex: 29    Spells: 13/13 levels left

rFire    . . .     SeeInvis .   b - +2 great mace (flame)
rCold    . . .     Faith    .   (shield currently unavailable)
rNeg     + . .     Spirit   +   w - +0 ring mail of Apni {Dex+7}
rPois    ∞         Reflect  .   F - +2 helmet
rElec    +         Harm     .   I - +0 cloak
rCorr    .         Rampage  .   A - +1 pair of gloves {Dex+3}
Will     +++..     Rnd*Tele +   e - +0 pair of boots
Stlth    ++........             k - amulet of guardian spirit
HPRegen  1.25/turn              K - +6 ring of dexterity
MPRegen  0.14/turn              a - ring of teleportation (curse)

@: berserk cooldown, flying, very slightly contaminated, regenerating, slowed,
studying Armour, invisible, very slow
A: big wings, negative energy resistance 1, electricity resistance, teleportitis
1, unbreathing, petrification resistance, miasma immunity, AC +10
a: Stop Flying, Renounce Religion, Berserk, Trog's Hand, Brothers in Arms


You were on level 4 of the Lair of Beasts.
You worshipped Trog.
Trog was extremely pleased with you.
You visited 3 branches of the dungeon, and saw 19 of its levels.
You also visited: Bailey and Gauntlet.

You collected 1506 gold pieces.
You spent 143 gold pieces at shops.

Inventory:

Hand Weapons
 b - a +2 great mace of flaming (weapon)
Armour
 e - a +0 pair of boots (worn)
 r - a +2 ring mail of fire resistance
 w - the +0 ring mail of Apni (worn) {Dex+7}
   (You found it on level 6 of the Dungeon)

   It affects your dexterity (+7).
 A - a +1 pair of gloves of dexterity (worn)
 B - a +1 plate armour of cold resistance
 C - a +0 tower shield of resistance
 F - a +2 helmet (worn)
 I - a +0 cloak (worn)
Jewellery
 a - a cursed ring of teleportation (right hand)
 k - an amulet of guardian spirit (around neck)
 l - the amulet "Geotie" {Acrobat rF++}
   (You took it off a minotaur in a Gauntlet)

   [amulet of the acrobat]

   It helps you evade while moving and waiting.
   It greatly protects you from fire.
 E - an uncursed ring of fire
 K - a +6 ring of dexterity (left hand)
Wands
 n - a wand of enslavement (15)
 o - a wand of acid (13)
 G - a wand of iceblast (12)
 H - a wand of digging (2)
Scrolls
 m - 2 scrolls of fear
 p - 6 scrolls of enchant weapon
 q - 3 scrolls of magic mapping
 u - 4 scrolls of enchant armour
 v - 4 scrolls of fog
 x - a scroll of silence
 J - 2 scrolls of identify
Potions
 c - a potion of resistance
 d - 4 potions of invisibility
 f - 6 potions of mutation
 g - a potion of ambrosia
 h - 3 potions of might
 j - 2 potions of magic
 s - 4 potions of haste
 t - a potion of cancellation
 z - 2 potions of berserk rage
 D - a potion of curing
Books
 y - a manual of Armour


   Skills:
 + Level 12.3 Fighting
 * Level 15.2 Maces & Flails
 + Level 14.8 Armour
 * Level 12.0 Dodging


You had 13 spell levels left.
You didn't know any spells.
Your spell library was empty.

Dungeon Overview and Level Annotations

Branches:
Dungeon (14/15)            Temple (1/1) D:5            Lair (4/6) D:11
 Shoals (0/4) Lair:2        Snake (0/4) Lair:4          Orc (0/2) D:9
 Vaults (0/5) D:13         Bailey (visited)         Gauntlet (visited)

Altars:
Ashenzari
Cheibriados
Dithmenos
Elyvilon
Fedhas
Gozag
Hepliaklqana
Kikubaaqudgha
Makhleb
Nemelex Xobeh
Okawaru
Qazlal
Ru
Sif Muna
Trog
Uskayaw
Vehumet
Wu Jian
Xom
Yredelemnul
Zin
The Shining One

Shops:
D:4 ?   D:5 (


Innate Abilities, Weirdness & Mutations

You are resistant to torment.
Your stone body is resilient. (AC +10)
You are immune to poison.
Your large and strong wings let you fly indefinitely.
You resist negative energy. (rN+)
You are resistant to electric shocks. (rElec)
You can survive without breathing.
You are immune to petrification.
You are immune to miasma.
You are occasionally teleported next to monsters.


Message History

The meliai closely misses you. The meliai misses you.
The spriggan closely misses you.
You barely miss the meliai.
The meliai is heavily wounded.
The meliai misses you. The meliai stings you.
* * * LOW HITPOINT WARNING * * *
The meliai misses you. The meliai completely misses you.
The spriggan hits you but does no damage.
The meliai completely misses you. x2
You fade into invisibility!
The meliai misses you.
The meliai stings you but does no damage.
The spriggan completely misses you. The meliai completely misses you. x2
The spriggan hits you but does no damage.
You are very lightly contaminated with residual magic.
Your skin crawls.
You feel strong-willed.
The meliai calls down the wrath of its god upon you.
Something smites you!
You die...

....# ..... ....#
....... ..
.....#<..♣... ...
.P.♣♣♣. .♣..♣♣♣♣♣♣
...
...♣♣♣..♣...♣♣.♣.♣
♣..
.♣...♣..♣.♣..♣♣..♣♣.♣
....♣....♣..≈≈.....♣♣
♣.♣......♣.≈≈≈♣....♣
♣♣...♣.♣..≈≈♣.i@♣
.♣...♣.♣≈.###y##
.♣...♣≈≈##ii#)i#
♣♣♣♣..♣.†≈###i# #i#
♣...♣.♣♣≈##..# #..
......♣†##### #.#
♣.♣...♣.# ..# ...
♣..♣....# ##.. #..
♣.♣♣.♣.≈≈# ##... ♣
##..


You could see 4 spriggans and a meliai.

Vanquished Creatures
  A minotaur (Gauntlet)
  A death ooze (Gauntlet)
  5 hydras
  6 two-headed ogres
  3 centaur warriors
  An ogre mage (D:13)
  Urug (D:10)
  A deep elf knight (D:14)
  A sun demon (D:11)
  Sonja (D:10)
  An unseen horror (D:11)
  2 obsidian statues
  An orc knight (D:13)
  An ugly thing (D:13)
  9 deep elf magi (D:14)
  4 oklob plants (Lair:4)
  The ghost of Borgoz the Slasher, a novice HaFi of Okawaru (D:5)
  A cyclops (D:12)
  2 centaur zombies
  A rust devil (D:11)
  A merfolk siren (Lair:2)
  An ice statue (Gauntlet)
  A gargoyle (D:14)
  A torpor snail (Lair:2)
  An orange demon (D:12)
  7 cane toads
  A rime drake (Gauntlet)
  An efreet (D:11)
  4 yaktaurs (D:13)
  A hellwing (D:11)
  4 komodo dragons
  An ice devil (D:11)
  5 meliai
  2 trolls
  The ghost of FortyThree the Skirmisher, an amateur DsGl of Ru (D:4)
  17 blink frogs
  Grinder (D:3)
  5 dream sheep (Lair:4)
  2 shadows
  4 spriggans
  41 yaks
  Sigmund (D:2)
  2 vampires (D:12)
  4 wyverns (D:11)
  3 wraiths
  7 vampire mosquitoes
  5 basilisks
  4 nagas (Lair:4)
  An acid dragon (D:12)
  9 water moccasins
  17 orc warriors
  A floating eye (Lair:4)
  A sky beast (D:10)
  2 black bears
  5 phantoms
  2 ice beasts
  2 eyes of draining
  2 necrophages
  24 centaurs
  9 ogres
  15 wolves
  A big kobold (D:12)
  29 bullfrogs
  A wyvern zombie (D:7)
  A water moccasin zombie (D:10)
  3 scorpions
  A water moccasin skeleton (D:4)
  48 killer bees
  3 troll zombies (D:9)
  4 wights (D:14)
  An electric eel (D:9)
  A howler monkey (D:6)
  A crimson imp (D:12)
  2 bullfrog zombies
  2 quasits (D:12)
  2 centaur skeletons
  2 jellies
  10 orc wizards
  6 orc priests
  Crazy Yiuf (D:3)
  7 hounds
  A bullfrog skeleton (D:5)
  An iron imp (D:12)
  Ijyb (D:4)
  Jessica (D:2)
  4 iguanas
  Terence (D:3)
  Natasha (thrice) (D:4)
  9 worker ants
  A killer bee zombie (D:8)
  3 ogre zombies (D:9)
  A hound zombie (D:7)
  3 hound skeletons
  A worker ant zombie (D:10)
  18 gnolls
  13 adders
  3 shadow imps
  9 white imps
  2 ufetubi
  3 adder skeletons
  2 worms
  A dart slug (D:1)
  6 leopard geckos
  77 orcs
  2 ball pythons
  5 giant cockroaches
  10 hobgoblins
  10 jackals
  5 quokkas
  9 bats
  4 frilled lizards
  14 goblins
  2 goblin skeletons (D:9)
  2 goblin zombies (D:9)
  A hobgoblin zombie (D:9)
  13 kobolds
  3 orc skeletons (D:9)
  11 orc zombies (D:9)
  A quokka skeleton (D:8)
  6 rats
650 creatures vanquished.

Vanquished Creatures (others)
  A large abomination (D:12)
  A shadow imp (D:12)
  2 white imps (D:12)
  29 fungi
  50 plants
83 creatures vanquished.

Grand Total: 733 creatures vanquished

Notes
Turn   | Place    | Note
-------+----------+-------------------------------------------
     0 | D:1      | Borgoz the Gargoyle Berserker began the quest for the Orb.
     0 | D:1      | Reached XP level 1. HP: 14/14 MP: 1/1
   341 | D:1      | Reached XP level 2. HP: 14/19 MP: 2/2
  1142 | D:1      | Reached XP level 3. HP: 23/23 MP: 3/3
  1281 | D:2      | Found a snail-covered altar of Cheibriados.
  1544 | D:2      | Found a white marble altar of Elyvilon.
  1545 | D:2      | Found a shimmering altar of Xom.
  1595 | D:2      | Reached ** piety under Trog
  1632 | D:2      | Reached XP level 4. HP: 26/29 MP: 4/4
  1700 | D:2      | Noticed Jessica
  1707 | D:2      | Killed Jessica
  1708 | D:2      | Reached skill level 4 in Maces & Flails
  1729 | D:2      | Noticed Sigmund
  1745 | D:2      | Killed Sigmund
  1746 | D:2      | Reached XP level 5. HP: 27/34 MP: 5/5
  1746 | D:2      | Reached XP level 6. HP: 31/39 MP: 6/6
  2417 | D:3      | Reached skill level 5 in Maces & Flails
  2426 | D:3      | Noticed Terence
  2444 | D:3      | Killed Terence
  2704 | D:3      | Reached *** piety under Trog
  2784 | D:3      | Noticed Grinder
  2803 | D:3      | Killed Grinder
  2804 | D:3      | Reached XP level 7. HP: 36/44 MP: 7/7
  3087 | D:3      | Found a runed translucent door.
  3088 | D:3      | Noticed Crazy Yiuf
  3098 | D:3      | Killed Crazy Yiuf
  3099 | D:3      | Reached skill level 5 in Fighting
  3442 | D:4      | Found a sacrificial altar of Ru.
  3472 | D:4      | Found a runed translucent gate.
  3472 | D:4      | Found a runed translucent gate.
  3472 | D:4      | Found a runed translucent gate.
  3472 | D:4      | Noticed FortyThree's ghost (amateur DsGl)
  3486 | D:4      | Noticed Natasha
  3493 | D:4      | Killed Natasha
  3507 | D:4      | Reached skill level 6 in Maces & Flails
  3570 | D:4      | Found Gaibezav's Magic Scroll Emporium.
  3605 | D:4      | Bought a scroll of teleportation for 39 gold pieces
  3605 | D:4      | Bought a scroll of identify for 26 gold pieces
  3605 | D:4      | Bought a scroll of identify for 26 gold pieces
  3605 | D:4      | Bought a scroll of identify for 26 gold pieces
  3608 | D:4      | Bought a scroll of identify for 26 gold pieces
  3664 | D:4      | Noticed Natasha
  3673 | D:4      | Found a stormy altar of Qazlal.
  3681 | D:4      | Killed Natasha
  4197 | D:4      | Reached XP level 8. HP: 46/49 MP: 8/8
  4207 | D:4      | Got a crude ring mail
  4218 | D:4      | Identified the +1 ring mail "Putodudu" {rN+ Will+} (You
                  | found it on level 4 of the Dungeon)
  4328 | D:4      | Noticed Natasha
  4334 | D:4      | Killed Natasha
  4339 | D:4      | Reached skill level 5 in Armour
  4570 | D:4      | Noticed Ijyb
  4579 | D:4      | Killed Ijyb
  4798 | D:4      | Killed FortyThree's ghost
  4799 | D:4      | Reached skill level 7 in Maces & Flails
  5025 | D:5      | Entered Level 5 of the Dungeon
  5271 | D:5      | Reached XP level 9. HP: 10/56 MP: 9/9
  5555 | D:5      | Found a glowing silver altar of Zin.
  5914 | D:5      | Found Paofrin's Weapon Shoppe.
  5960 | D:5      | Found a runed translucent door.
  5964 | D:5      | Noticed Borgoz's ghost (novice HaFi)
  5978 | D:5      | Reached skill level 8 in Maces & Flails
  6347 | D:5      | Found a staircase to the Ecumenical Temple.
  6523 | Temple   | Entered the Ecumenical Temple
  6834 | D:5      | Killed Borgoz's ghost
  7218 | D:6      | Reached skill level 5 in Dodging
  7239 | D:6      | Got a slimy ring mail
  7250 | D:6      | Identified the +0 ring mail of Apni {Dex+7} (You found it
                  | on level 6 of the Dungeon)
  7604 | D:6      | Reached skill level 9 in Maces & Flails
  7765 | D:6      | Reached **** piety under Trog
  8064 | D:7      | Found a flagged portal.
  8223 | Bailey   | Entered a bailey
  8245 | Bailey   | Reached XP level 10. HP: 63/63 MP: 10/10
  9378 | Bailey   | Reached skill level 10 in Maces & Flails
 10093 | D:7      | Found a sparkling altar of Nemelex Xobeh.
 10142 | D:7      | Reached ***** piety under Trog
 10659 | D:8      | Found a glowing golden altar of the Shining One.
 10952 | D:8      | Found an iron altar of Okawaru.
 11194 | D:8      | Found an opulent altar of Gozag.
 11892 | D:9      | Found a staircase to the Orcish Mines.
 11914 | D:9      | Reached XP level 11. HP: 31/69 MP: 5/11
 12601 | D:9      | Noticed a two-headed ogre
 12618 | D:9      | Killed a two-headed ogre
 13076 | D:10     | Entered Level 10 of the Dungeon
 13095 | D:10     | Received a gift from Trog
 13100 | D:10     | Reached skill level 11 in Maces & Flails
 13227 | D:10     | Noticed Urug
 13252 | D:10     | Killed Urug
 13504 | D:10     | Noticed Sonja
 13601 | D:10     | You fall into a shaft and drop 3 floors!
 13677 | D:12     | Noticed a cyclops
 13691 | D:12     | Killed a cyclops
 13925 | D:12     | Noticed an obsidian statue
 13928 | D:12     | Noticed a sun demon
 13948 | D:11     | Killed an unseen horror
 14083 | D:11     | Reached skill level 10 in Armour
 14318 | D:11     | Found a staircase to the Lair.
 14432 | D:11     | Got a brightly glowing great sword
 14433 | D:11     | Identified the +4 great sword "Oveid" {speed, +Blink SInv}
                  | (You found it on level 11 of the Dungeon)
 15200 | D:10     | Killed Sonja
 15201 | D:10     | Reached XP level 12. HP: 70/76 MP: 10/12
 15376 | D:11     | Got a scorched granite ring
 15748 | D:12     | Reached skill level 12 in Maces & Flails
 15820 | D:12     | Noticed a two-headed ogre
 15838 | D:12     | Killed a two-headed ogre
 16113 | D:12     | Identified the ring of Hineg {Fire +Fly rPois Dex-4 Stlth+}
                  | (You found it on level 11 of the Dungeon)
 16166 | D:12     | Reached ****** piety under Trog
 16894 | D:13     | Noticed a centaur warrior
 16914 | D:13     | Killed a centaur warrior
 16915 | D:13     | Reached skill level 10 in Fighting
 17497 | D:13     | Noticed a two-headed ogre
 17498 | D:13     | Noticed a centaur warrior
 17499 | D:13     | Noticed an ogre mage
 17500 | D:13     | Noticed a two-headed ogre
 17501 | D:13     | Killed a two-headed ogre
 17513 | D:13     | Killed an ogre mage
 17519 | D:13     | Killed a two-headed ogre
 17526 | D:13     | Found a gate to the Vaults.
 17543 | D:13     | Killed a centaur warrior
 17772 | D:13     | HP: 1/78 [yaktaur/bolt (10)]
 17812 | D:13     | Reached skill level 13 in Maces & Flails
 17953 | D:13     | Reached XP level 13. HP: 58/83 MP: 10/13
 18874 | D:12     | Received a gift from Trog
 18913 | D:11     | HP: 4/83 [sun demon (11)]
 19295 | D:11     | Reached skill level 10 in Dodging
 20503 | D:14     | Gained mutation: You are occasionally teleported next to
                  | monsters. [a neqoxec]
 20520 | D:14     | HP: 1/84 [burnt (6)]
 21614 | Lair:1   | Entered Level 1 of the Lair of Beasts
 21704 | Lair:1   | Reached skill level 14 in Maces & Flails
 21927 | Lair:1   | Gained mutation: Your large and strong wings let you fly
                  | indefinitely. [Gargoyle growth]
 21927 | Lair:1   | Reached XP level 14. HP: 90/90 MP: 4/14
 22049 | Lair:1   | Found the brooch of Shielding {Spirit SH+8}
 22079 | Lair:1   | Received a gift from Trog
 22982 | Lair:2   | Found a gate leading to a gauntlet.
 23050 | Gauntlet | Entered a Gauntlet
 23050 | Gauntlet | Found a transporter.
 23099 | Gauntlet | Found a transporter.
 23101 | Gauntlet | Found a transporter.
 23110 | Gauntlet | Found a transporter.
 23115 | Gauntlet | Found a transporter.
 23193 | Gauntlet | Noticed a reaper
 23196 | Gauntlet | Found a transporter.
 23215 | Gauntlet | Found a transporter.
 23225 | Gauntlet | Found a transporter.
 23235 | Gauntlet | Found a transporter.
 23259 | Gauntlet | Found a transporter.
 23270 | Gauntlet | Found a transporter.
 23311 | Gauntlet | Found a runed translucent door.
 23315 | Gauntlet | Found a runed translucent door.
 23317 | Gauntlet | Found a transporter.
 23332 | Gauntlet | Found a transporter.
 23582 | Gauntlet | Identified the +7 trident "Asilow" {freeze, rC+ Will+ MP+9}
 23582 | Gauntlet | Identified the amulet "Geotie" {Acrobat rF++}
 23619 | Gauntlet | Got a sheer robe
 23624 | Gauntlet | Got an iridescent short sword
 23678 | Lair:2   | Identified the +1 robe "Cear" {rPois Int+3} (You found it
                  | in a Gauntlet)
 23680 | Lair:2   | Identified the +4 short sword "Grim" {flame, Str+6} (You
                  | found it in a Gauntlet)
 24733 | Lair:2   | Found a staircase to the Shoals.
 25117 | Lair:3   | Received a gift from Trog
 25755 | Lair:4   | Reached skill level 15 in Maces & Flails
 25810 | Lair:4   | Found a staircase to the Snake Pit.
 25822 | Lair:4   | Paralysed by a floating eye for 2 turns
 26918 | Lair:4   | HP: 4/92 [meliai/+0 war axe (2)]
 26920 | Lair:4   | Killed from afar by a meliai

Illustrated notes

Levels and vault maps discovered:
D:1:      lightli_arrival_isolated_outpost, layout_loops_corners
D:2:      layout_loops_ring, gammafunk_temple_overflow_statue,
          nicolae_overflow_crystal_walls, uniq_sigmund, uniq_jessica
D:3:      layout_rooms, uniq_grinder, uniq_terence, uniq_crazy_yiuf_cottage
D:4:      layout_basic, nicolae_qazlal_general_emergency,
          nicolae_ru_the_path_less_chosen, serial_shops, shop_scrolls,
          gammafunk_ghost_necromancy, uniq_ijyb, uniq_natasha
D:5:      layout_rooms, zin_statuary, minmay_temple_entry_gardened_gates,
          hellmonk_ghost_happy_afterlife, serial_shops, nicolae_shop_trees,
          minmay_misc_feat_hallway, minmay_misc_feat_diagonals,
          chequers_serial_rivers_large_b, hangedman_abyss_or_decor_lesser_grid
D:6:      layout_basic, chequers_jeans, minmay_ogre_servants
D:7:      layout_loops_cross, kennysheep_little_box, enter_bailey_2
D:8:      layout_loops_corners, grunt_gozag_statues,
          nicolae_tso_swordbearing_angel, kennysheep_mini
D:9:      layout_roguey [special_room_orc], zombieorc1_lemuel,
          minmay_crystal_water
D:10:     layout_gridville, uniq_urug, uniq_sonja
D:11:     layout_roguey, minmay_lair_entry_grove, the_bakery
D:12:     layout_loops_ring, hangedman_devilish_allure
D:13:     layout_roguey, hangedman_vaults_entry_quadrant_bands
D:14:     minmay_elf_outpost, layout_stronghold, minmay_misc_feat_encased,
          fedhas_altar_3
Temple:   hc_temple_tempest_star
Lair:1:   layout_chaotic_city, st_stairs_11, lemuel_fruit_tree
Lair:2:   layout_cave_pods, elwin_shoals_entry_rooms, gauntlet_entry_generic,
          infiniplex_staircase_pool_2
Lair:3:   layout_cave_pods, grunt_megastairs_3
Lair:4:   wad_woods_minihive, layout_long_grid,
          minmay_snake_entry_guardpost_small, disabler_island

Skill      XL: |  1  2  3  4  5  6  7  8  9 10 11 12 13 14 |
---------------+-------------------------------------------+-----
Dodging        | 2 3 4 5 6 8 9 10 12 | 12.0
Maces & Flails | 4 5 6 7 9 10 11 13 14 15 | 15.2
Armour         | 3 4 5 7 8 10 12 13 14 | 14.8
Fighting       | 4 5 6 7 8 9 10 11 12 | 12.3

Action                   |  1- 3 |  4- 6 |  7- 9 | 10-12 | 13-15 || total
-------------------------+-------+-------+-------+-------+-------++-------
Melee: Mace              |   102 |   201 |   503 |       |       ||   806
       Flail             |       |       |     1 |  1358 |   207 ||  1566
       Morningstar       |       |       |       |       |   331 ||   331
       Great mace        |       |       |       |       |   474 ||   474
Invok: Berserk           |       |     2 |     5 |    17 |    22 ||    46
       Trog's Hand       |       |     1 |     3 |     7 |     4 ||    15
 Abil: Fly               |       |       |       |       |     1 ||     1
Evoke: Wand              |       |       |    21 |    40 |     7 ||    68
  Use: Scroll            |     4 |     6 |     9 |     7 |    16 ||    42
       Potion            |       |       |     1 |     7 |     3 ||    11
 Stab: Sleeping          |       |       |       |     2 |     1 ||     3
Armor: Animal skin       |    24 |       |       |       |       ||    24
       Ring mail         |    17 |   117 |   240 |   536 |   537 ||  1447
Dodge: Dodged            |    92 |   131 |   312 |  1227 |  1492 ||  3254

Table legend: (Time is in decaauts)
 A = Elapsed time spent in this place.
 B = Non-inter-level travel time spent in this place.
 C = Inter-level travel time spent in this place.
 D = Time resting spent in this place.
 E = Time spent auto-exploring this place.
 F = Levels seen in this place.
 G = Mean time per level.
                   A        B        C        D        E       F      G
               +--------+--------+--------+--------+--------+-----+--------+
         Total |  27120 |  26273 |    847 |   6998 |  13081 |  21 | 1291.4 |
       Dungeon |  19651 |  18946 |    705 |   5289 |   9501 |  14 | 1403.6 |
        Temple |    265 |    232 |     33 |      0 |    231 |   1 |  265.0 |
          Lair |   4701 |   4592 |    109 |    757 |   2687 |   4 | 1175.2 |
        Bailey |   1866 |   1866 |      0 |    870 |    350 |   1 | 1866.0 |
      Gauntlet |    636 |    636 |      0 |     81 |    310 |   1 |  636.0 |
               +--------+--------+--------+--------+--------+-----+--------+

Top non-repeatable levels by time:
    D:13: 2864 daAuts
  Bailey: 1866 daAuts
     D:4: 1806 daAuts
     D:5: 1736 daAuts
    D:10: 1609 daAuts
    D:12: 1573 daAuts
    D:11: 1519 daAuts
     D:9: 1386 daAuts
  Lair:1: 1332 daAuts
  Lair:2: 1235 daAuts
  Lair:4: 1231 daAuts
     D:1: 1219 daAuts
     D:2: 1085 daAuts
     D:6: 1052 daAuts
     D:8: 1050 daAuts
